 Dungeon Crawl Stone Soup version 0.31.0-12-g77e489cdc1 (webtiles) character file.

Game seed: 3507671257803116931

713 pyrouette the Gusty (level 7, -2/50 HPs)
             Began as a White Draconian Air Elementalist on Feb 12, 2024.
             Killed from afar by an orc wizard (12 damage)
             ... with a magic dart
             ... on level 5 of the Dungeon.
             The game lasted 00:19:44 (5199 turns).

pyrouette the Gusty (DrAE)                          Turns: 5199, Time: 00:19:45

Health: -2/50      AC:  9    Str: 13    XL:     7   Next: 41%
Magic:  0/13       EV: 28    Int: 20    God:
Gold:   189        SH:  0    Dex: 17    Spells: 13/14 levels left

rFire   . . .        s - +1 spear "Lienun" {elec, Str+3 Int+2 Dex+3}
rCold   + . .        (no shield)
rNeg    . . .        (body armour unavailable)
rPois   .            (helmet restricted)
rElec   .            x - scarf {shadows}
rCorr   .            d - +1 pair of gloves {Dex+3}
SInv    .            p - +0 pair of boots
Will    .....        b - amulet of the acrobat
Stlth   ++           (no ring)
HPRegen 0.28/turn    (no ring)
MPRegen 0.13/turn

%: acrobat
@: acrobatic
A: breathe frost, AC +6, unfitting armour, cold resistance 1, cold-blooded
a: Breathe Frost


You were on level 5 of the Dungeon.
You visited 1 branch of the dungeon, and saw 5 of its levels.

You collected 189 gold pieces.

Inventory:

Hand Weapons
 m - a +2 whip of electrocution
 s - the +1 spear "Lienun" (weapon) {elec, Str+3 Int+2 Dex+3}
   (You found it on level 4 of the Dungeon)

   Str+3:     It affects your strength (+3).
   Int+2:     It affects your intelligence (+2).
   Dex+3:     It affects your dexterity (+3).
Armour
 d - a +1 pair of gloves of dexterity (worn)
 p - a +0 pair of boots (worn)
 q - a +0 leather armour
 x - a scarf of shadows (worn)
Jewellery
 b - an amulet of the acrobat (around neck)
 i - a +6 ring of intelligence
 k - the amulet "Tavoymia" {Spirit rCorr}
   (You found it on level 2 of the Dungeon)

   [amulet of guardian spirit]

   Spirit:    It causes incoming damage to be divided between your reserves of
   health and magic.
   rCorr:     It protects you from acid and corrosion.
 n - a ring of see invisible
Scrolls
 f - a scroll of amnesia
 v - a scroll of silence {unknown}
 w - a scroll of enchant armour
Potions
 a - a potion of magic
 c - 2 potions of brilliance
 e - 6 potions of cancellation
 g - 2 potions of degeneration
 h - a potion of enlightenment {unknown}
 j - a potion of haste {unknown}
 l - 3 potions of berserk rage {unknown}
 o - a potion of might {unknown}
 t - 2 potions of curing {unknown}
 u - 2 potions of attraction {unknown}


   Skills:
 - Level 2.6 Dodging
 - Level 1.7 Stealth
 + Level 4.3 Spellcasting
 + Level 4.2 Conjurations
 * Level 5.8 Air Magic


You had 13 spell levels left.
You knew the following spells:

 Your Spells              Type           Power      Damage    Failure   Level
a - Shock                 Conj/Air       96%        1d9       1%          1

Your spell library contained the following spells:

 Spells                   Type           Power      Damage    Failure   Level
 Static Discharge         Conj/Air       48%        3-5/arc   2%          2
 Swiftness                Air            27%        N/A       3%          3
 Mercury Vapours          Alch/Air       32%        N/A       5%          2
 Mephitic Cloud           Conj/Alch/Air  17%        N/A       10%         3
 Airstrike                Air            13%        2d(2-18)  11%         4
 Call Imp                 Summ           8%         N/A       19%         2
 Sublimation of Blood     Necr           4%         N/A       19%         2
 Inner Flame              Hex/Fire       4%         N/A       36%         3
 Freezing Cloud           Conj/Ice/Air   8%         6-21      65%         5
 Petrify                  Alch/Erth      4%         N/A       77%         4
 Irradiate                Conj/Alch      6%         3d13      82%         5
 Malign Gateway           Summ/Tloc      2%         N/A       100%        7
 Summon Hydra             Summ           2%         N/A       100%        7
 Ignition                 Fire           2%         3d3       100%        8
 Summon Horrible Things   Summ           2%         N/A       100%        8


Dungeon Overview and Level Annotations

Branches:
Dungeon (5/15)
 Temple: D:4-7

Altars:


Innate Abilities, Weirdness & Mutations

You can breathe waves of freezing cold which knock back foes.
Your icy white scales are hard. (AC +6)
You cannot fit into any form of body armour.
Your flesh is cold resistant. (rC+)
You are cold-blooded and may be slowed by cold attacks.


Message History

Casting: Shock (safe; 1% risk of failure)
Confirm with . or Enter, or press ? or * to list all spells.
Aiming: Shock (safe; 1% risk of failure)
Press: ? - help, Shift-Dir - straight line, f/p - gnoll
Aim: a gnoll, wielding a +1 flail of protection (severely wounded, 77% to hit)
The zap hits the gnoll.
The gnoll is severely wounded.
A gnoll is nearby!
Casting: Shock (safe; 1% risk of failure)
Confirm with . or Enter, or press ? or * to list all spells.
Aiming: Shock (safe; 1% risk of failure)
Press: ? - help, Shift-Dir - straight line, f/p - gnoll
Aim: a gnoll, wielding a +1 flail of protection (severely wounded, 77% to hit)
The zap hits the gnoll.
You kill the gnoll!
Something hits you but does no damage. Something completely misses you.
You hear some strange, mumbled words.
A puff of flame appears from out of thin air!
The puff of flame misses you.
Casting: Shock (safe; 1% risk of failure)
Confirm with . or Enter, or press ? or * to list all spells.
You don't have enough magic to cast this spell.
An orc wizard appears from thin air!
Reactivating autopickup.
Casting: Shock (safe; 1% risk of failure)
Confirm with . or Enter, or press ? or * to list all spells.
Aiming: Shock (safe; 1% risk of failure)
Press: ? - help, Shift-Dir - straight line The zap hits the orc wizard.
The orc wizard is lightly wounded.
The zap hits the orc wizard.
The orc wizard is heavily wounded.
The orc wizard points at you and mumbles some strange words.
The magic dart hits you.
* * * LOW HITPOINT WARNING * * *
You are too injured to fight recklessly!
The orc wizard gestures at you while chanting.
The magic dart hits you!
You die...

............###..##...#....###...
............#...####..##....##...
...............## #..###.........
...........#..## #..# #.........
....<.....###.## #..###.........
..........# #..# #..#..).##....
.........## ##.## #......#.....
.........# ##.## ##...........
........## ##@## #...##......
........## ##o####...##.....
.........# ##.##.....#.....
........## #....###.......
.).....## ##...# #...... ....#..#
#...# .... ......## #..##.. ...
###...# #.## ##. ##..#### #. #


You could see an orc wizard.

Vanquished Creatures
  Edmund (D:5)
  An ogre (D:5)
  A howler monkey (D:4)
  A bombardier beetle (D:4)
  A jelly (D:5)
  2 hounds
  Natasha (D:2)
  3 orc wizards
  8 adders
  5 gnolls
  A shadow imp (D:5)
  3 dart slugs
  2 ribbon worms
  8 orcs
  10 endoplasms
  4 giant cockroaches
  10 goblins
  3 hobgoblins
  13 jackals
  4 quokkas
  6 ball pythons
  7 bats
  5 frilled lizards
  9 kobolds
  7 rats
116 creatures vanquished.

Notes
Turn   | Place    | Note
-------+----------+-------------------------------------------
     0 | D:1      | pyrouette the Draconian Air Elementalist began the quest
                  | for the Orb.
     0 | D:1      | Reached XP level 1. HP: 14/14 MP: 3/3
   315 | D:1      | Reached XP level 2. HP: 20/20 MP: 0/5
  1202 | D:2      | Reached XP level 3. HP: 23/26 MP: 0/6
  1352 | D:2      | Noticed Natasha
  1358 | D:2      | Killed Natasha
  1566 | D:2      | Reached XP level 4. HP: 20/33 MP: 1/7
  1665 | D:2      | Identified the amulet "Tavoymia" {Spirit rCorr}
  1774 | D:2      | Found a faded altar of an unknown god.
  2379 | D:3      | Reached XP level 5. HP: 38/38 MP: 5/9
  2535 | D:3      | Reached skill level 4 in Air Magic
  3243 | D:3      | Reached XP level 6. HP: 24/45 MP: 0/11
  4015 | D:4      | Identified the +1 spear "Lienun" {elec, Str+3 Int+2 Dex+3}
  4760 | D:5      | Entered Level 5 of the Dungeon
  4895 | D:5      | Reached skill level 5 in Air Magic
  5052 | D:5      | Your scales start taking on an icy white colour.
  5052 | D:5      | Reached XP level 7. HP: 50/50 MP: 7/13
  5052 | D:5      | Gained mutation: Your flesh is cold resistant. (rC+) [White
                  | Draconian growth]
  5155 | D:5      | Noticed Edmund
  5171 | D:5      | Killed Edmund
  5199 | D:5      | Killed from afar by an orc wizard

Illustrated notes

Levels and vault maps discovered:
D:1:      minmay_arrival_four_houses, layout_basic
D:2:      layout_loops_ring, hellmonk_ecumenical_altar_run_dry, uniq_natasha
D:3:      minmay_chambers_of_threes, layout_loops_cross,
          ebering_dispersal_statue_hall
D:4:      kennysheep_big_flooded_room, layout_basic, minivault_4,
          nicolae_letterblocks [nicolae_letter_subblock,
          nicolae_letter_subblock, nicolae_letter_subblock,
          nicolae_letter_subblock, nicolae_letter_subblock,
          nicolae_letter_subblock, nicolae_letter_subblock,
          nicolae_letter_subblock, nicolae_letter_subblock,
          nicolae_letter_subblock, nicolae_letter_subblock,
          nicolae_letter_subblock, nicolae_letter_subblock,
          nicolae_letter_subblock, nicolae_letter_subblock,
          nicolae_letter_subblock, nicolae_letter_subblock,
          nicolae_letter_subblock, nicolae_letter_subblock,
          nicolae_letter_subblock, nicolae_letter_subblock,
          nicolae_letter_subblock, nicolae_letter_subblock,
          nicolae_letter_subblock, nicolae_letter_subblock]
D:5:      layout_layer_cave, uniq_edmund

Skill      XL: |  1  2  3  4  5  6  7 |
---------------+----------------------+-----
Dodging        | 2 |  2.6
Conjurations   | 2 3 4 |  4.2
Spellcasting   | 3 4 |  4.3
Air Magic      | 4 5 |  5.8
Stealth        | |  1.7

Action                     |  1- 3 |  4- 6 |  7- 9 || total
---------------------------+-------+-------+-------++-------
  Melee: Unarmed           |    40 |     1 |       ||    41
         Tailslap          |     3 |     2 |     1 ||     6
         Punch             |     1 |     2 |       ||     3
         Whip              |       |    21 |       ||    21
         Spear             |       |     3 |    14 ||    17
   Cast: Shock             |    67 |   157 |    19 ||   243
    Use: Scroll            |     1 |     7 |     1 ||     9
         Potion            |       |     1 |       ||     1
 Armour: Skin              |    24 |    38 |    19 ||    81
  Dodge: Dodged            |    44 |    28 |    12 ||    84
